 Dungeon Crawl Stone Soup version 0.24.0-13-gcf9b319 (webtiles) character file.

Game seed: 17345068034706554641, levelgen mode: deterministic

1582 2bobheroes the Carver (level 8, -5/109 HPs)
             Began as a Naga Berserker on Feb 18, 2020.
             Was a Believer of Trog.
             Slain by an orc warrior
             ... wielding a +0 halberd
              (14 damage)
             ... on level 6 of the Dungeon.
             The game lasted 00:27:55 (6254 turns).

2bobheroes the Carver (Naga Berserker)              Turns: 6254, Time: 00:27:55

Health: -5/109     AC:  7    Str: 25    XL:     8   Next: 92%
Magic:  8/8        EV: 11    Int:  8    God:    Trog [**....]
Gold:   335        SH:  0    Dex: 12    Spells: 7/7 levels left

rFire    . . .     SeeInvis +   A - +5 long sword
rCold    . . .     Gourm    .   (no shield)
rNeg     . . .     Faith    .   m - +0 troll leather armour {Purgy}
rPois    +         Spirit   .   i - +1 helmet
rElec    .         Reflect  .   (no cloak)
rCorr    .         Harm     .   (no gloves)
MR       ++...                  (no barding)
Stlth    ..........             (no amulet)
HPRegen  0.68/turn              d - ring of protection from magic
MPRegen  0.11/turn              (no ring)

@: berserking, quick
A: large, see invisible, deformed body, poison resistance, slowness 2, slow
metabolism 1, spit poison 1, AC +2
a: Spit Poison, Berserk, Trog's Hand, Renounce Religion


You were on level 6 of the Dungeon.
You worshipped Trog.
Trog was pleased with you.
You were very hungry.

You visited 1 branch of the dungeon, and saw 6 of its levels.
You also visited: Sewer.

You collected 335 gold pieces.

Inventory:

Hand Weapons
 f - a +0 spear
 A - a +5 long sword (weapon)
 C - a +0 short sword of draining
Missiles
 l - 159 stones (quivered)
 s - 52 sling bullets
 t - 28 poisoned darts
 v - 3 curare-tipped darts
Armour
 e - a +0 chain mail
 i - a +1 helmet (worn)
 m - a +0 troll leather armour (worn) {Purgy}
Jewellery
 d - a ring of protection from magic (left hand)
Scrolls
 b - 2 scrolls of immolation
 h - 5 scrolls of identify
 k - 2 scrolls of remove curse
 r - 2 scrolls of teleportation
 y - a scroll of fear {unknown}
 D - a scroll of vulnerability {unknown}
Potions
 a - a potion of invisibility {unknown}
 g - a potion of flight {unknown}
 j - 2 potions of cancellation
 n - 2 potions of curing {unknown}
 o - a potion of ambrosia
 p - a potion of heal wounds {unknown}
 q - a potion of haste {unknown}
 u - a potion of brilliance
 w - a potion of magic {unknown}
 x - a potion of lignification {unknown}
 z - 2 potions of might {unknown}
Comestibles
 c - 15 rations
 B - 5 chunks of flesh


   Skills:
 + Level 4.8 Fighting
 * Level 8.7 Long Blades
 + Level 0.8 Throwing
 - Level 1.6 Armour
 * Level 3.9 Dodging
 * Level 6.1 Stealth


You had 7 spell levels left.
You didn't know any spells.
Your spell library was empty.

Dungeon Overview and Level Annotations

Branches:
Dungeon (6/15)             Temple (0/1) D:5           Sewer (visited)

Altars:
Ashenzari
Fedhas
Makhleb
Sif Muna
Uskayaw

Annotations:
D:6 1 runed translucent door


Innate Abilities, Weirdness & Mutations

You cannot wear boots.
Your serpentine skin is tough. (AC +2)
You have supernaturally acute eyesight. (SInv)
Armour fits poorly on your strangely shaped body.
Your system is resistant to poisons. (rPois)
You cover ground very slowly.
You have a slow metabolism.
You can spit poison.


Message History

The orc warrior barely misses you.
You closely miss the orc.
The orc is severely wounded.
The orc closely misses you.
Unknown command.
Your troll leather armour prevents you from hitting the orc.
The orc is severely wounded.
The orc warrior barely misses you.
You closely miss the orc.
The orc is severely wounded.
The orc closely misses you.
You slash the orc!
You kill the orc!
Trog accepts your kill.
The phantom blinks!
The orc warrior hits you from afar with a +0 halberd!
* * * LOW HITPOINT WARNING * * *
The phantom blinks!
The orc warrior hits you with a +0 halberd!
You die...

.....#......####
+##.........# ....
$$##.......## ....# ..
#...#...# .... ###
#.#.#)### #..##.# # #..)#
##..#..## ####)[#
#.......##########....##
#...........o@).......##
#...........o###.......#
#..........#..####..#..#
#.................#....####
###..##.#....W##....#..#
#... .._...#........####
..# ..#.#......#.#....### .
..#..o.ยง..##.###....# .
.#.........# ##.###


You could see a phantom, an orc warrior and an orc.

Vanquished Creatures
  Sigmund (D:5)
  Duvessa (D:5)
  Purgy (Sewer)
  2 ogres
  A centaur (D:5)
  A bullfrog (D:5)
  Dowan (D:5)
  A wyvern skeleton (D:6)
  4 scorpions
  A howler monkey (D:5)
  2 hounds
  3 orc wizards
  2 orc priests (D:6)
  A jelly (D:5)
  An iguana (D:5)
  4 worker ants
  A worker ant zombie (D:6)
  8 adders
  A gnoll (D:1)
  A shadow imp (D:3)
  An adder skeleton (D:5)
  3 worms
  4 dart slugs
  A leopard gecko (D:5)
  20 orcs
  3 ball pythons
  5 giant cockroaches
  11 goblins
  7 hobgoblins
  2 jackals (D:1)
  5 bats
  7 frilled lizards
  7 kobolds
  5 rats
119 creatures vanquished.

Notes
Turn   | Place    | Note
-------+----------+-------------------------------------------
     0 | D:1      | 2bobheroes the Naga Berserker began the quest for the Orb.
     0 | D:1      | Reached XP level 1. HP: 21/21 MP: 1/1
    45 | D:1      | Reached XP level 2. HP: 23/28 MP: 2/2
   967 | D:1      | Reached XP level 3. HP: 34/34 MP: 3/3
  1442 | D:2      | Reached skill level 1 in Stealth
  1562 | D:2      | Reached skill level 4 in Long Blades
  1566 | D:2      | Reached XP level 4. HP: 20/42 MP: 4/4
  2412 | D:3      | Reached ** piety under Trog
  2608 | D:3      | Reached XP level 5. HP: 23/50 MP: 5/5
  2994 | D:3      | Found a shimmering blue altar of Sif Muna.
  3656 | D:4      | Found a shattered altar of Ashenzari.
  3693 | D:4      | Reached skill level 5 in Long Blades
  4262 | D:4      | Reached XP level 6. HP: 38/57 MP: 6/6
  4587 | D:4      | Found a hide-covered altar of Uskayaw.
  4804 | D:5      | Entered Level 5 of the Dungeon
  4826 | D:5      | Found a blossoming altar of Fedhas.
  4910 | D:5      | Noticed Sigmund
  4982 | D:5      | Found a glowing drain.
  4990 | Sewer    | Entered a sewer
  5087 | Sewer    | Noticed Purgy
  5100 | Sewer    | Killed Purgy
  5100 | Sewer    | Reached XP level 7. HP: 39/64 MP: 7/7
  5168 | Sewer    | Reached skill level 6 in Long Blades
  5189 | D:5      | Noticed Duvessa
  5200 | D:5      | Noticed Dowan
  5216 | D:5      | Killed Duvessa
  5220 | D:5      | Killed Dowan
  5382 | D:5      | Reached skill level 7 in Long Blades
  5382 | D:5      | Reached XP level 8. HP: 71/73 MP: 8/8
  5413 | D:5      | Reached skill level 5 in Stealth
  5517 | D:5      | Found a staircase to the Ecumenical Temple.
  5525 | D:5      | Killed Sigmund
  5952 | D:6      | Reached skill level 8 in Long Blades
  6025 | D:6      | Found a runed translucent gate.
  6148 | D:6      | Found a burning altar of Makhleb.
  6254 | D:6      | Slain by an orc warrior

Levels and vault maps discovered:
D:1:      kennysheep_arrival_forest, layout_loops_ring, minmay_3d_cube
D:2:      layout_rooms, minmay_distorted
D:3:      layout_basic, marbit_many_paths
D:4:      layout_layer_cave, kennysheep_mini, nicolae_overflow_crystal_walls
D:5:      layout_basic, minmay_temple_entry_statues_pillars,
          chequers_ossuary_entry_cave, first_ration,
          cheibrodos_sewer_entry_bend, fedhas_altar_3, uniq_sigmund,
          uniq_duvessa
D:6:      layout_cave_pools, old_standard_altar, lemuel_crystal_altar,
          ebering_ghost_gozag

Skill      XL: |  1  2  3  4  5  6  7  8 |
---------------+-------------------------+-----
Stealth        | 1 2 4 6 |  6.1
Long Blades    | 4 5 7 8 |  8.7
Dodging        | 2 3 |  3.9
Fighting       | 4 |  4.8
Throwing       | |  0.8
Armour         | |  1.6

Action                   |  1- 3 |  4- 6 |  7- 9 || total
-------------------------+-------+-------+-------++-------
Melee: Falchion          |    56 |    70 |       ||   126
       Long sword        |       |    43 |   115 ||   158
Throw: Stone             |     1 |    14 |    13 ||    28
Invok: Berserk           |     2 |       |     2 ||     4
       Trog's Hand       |       |       |     2 ||     2
 Abil: Spit Poison       |    27 |    38 |    29 ||    94
  Use: Scroll            |       |    10 |     2 ||    12
 Stab: Sleeping          |       |     1 |       ||     1
       Distracted        |       |     1 |       ||     1
  Eat: Chunk             |     3 |     9 |     7 ||    19
       Ration            |       |     1 |       ||     1
Armor: Leather armour    |    14 |    35 |       ||    49
       Troll leather arm |       |       |    21 ||    21
Dodge: Dodged            |    38 |    64 |    63 ||   165
       Rpst.: Falchion   |    14 |    12 |       ||    26
       Long sword        |       |     5 |    15 ||    20
